 Dungeon Crawl Stone Soup version 0.21-a0-364-gbd1fde4 (webtiles) character file.

79 Espgualade the Skirmisher (level 4, 22/22 HPs)
             Began as a Felid Ice Elementalist on Oct 14, 2017.
             Quit the game on level 4 of the Dungeon.
             The game lasted 00:07:41 (3556 turns).

Espgualade the Skirmisher (Felid Ice Elementalist)  Turns: 3556, Time: 00:07:41

Health: 22/22      AC:  1    Str:  4    XL:     4   Next: 16%
Magic:  8/8        EV: 18    Int: 18    God:
Gold:   99         SH:  0    Dex: 16    Spells: 1/7 levels left
                                        Lives:  0   Deaths: 1

rFire    x . .     SeeInvis +   (weapon unavailable)
rCold    + . .     Gourm    .   (shield unavailable)
rNeg     + . .     Faith    .   (armour unavailable)
rPois    .         Spirit   .   (helmet unavailable)
rElec    .         Reflect  .   (cloak unavailable)
rCorr    .         Harm     .   (gloves unavailable)
MR       .....                  (boots unavailable)
Stlth    +++.......             (no amulet)
HPRegen  0.07/turn              j - ring of ice
MPRegen  0.11/turn              e - ring of positive energy

@: quick
A: no armour, no weapons or thrown items, stealth, claws 1, fangs 3, see
invisible, carnivore 3, speed 1, shaggy fur 1, slow metabolism 1, sharp paws
a: no special abilities


You were on level 4 of the Dungeon.
You were not hungry.

You visited 1 branch of the dungeon, and saw 5 of its levels.

You collected 99 gold pieces.

Inventory:

Jewellery
 e - a ring of positive energy (right paw)
 j - a ring of ice (left paw)
Scrolls
 g - a scroll of identify
 i - 2 scrolls of amnesia
Potions
 c - a potion of heal wounds
 f - a potion of agility
Books
 a - a book of Frost

   Spells                             Type                      Level
   a - Freeze                         Ice                          1
   b - Throw Frost                    Conjuration/Ice              2
   c - Ozocubu's Armour               Charms/Ice                   3
   d - Throw Icicle                   Conjuration/Ice              4
   e - Summon Ice Beast               Ice/Summoning                4
Comestibles
 b - 3 meat rations
 h - 3 royal jellies


   Skills:
 + Level 4.9 Fighting
 - Level 2.6 Dodging
 - Level 2.6 Stealth
 - Level 2.0 Spellcasting
 - Level 0.8 Conjurations
 - Level 2.6 Ice Magic


You had one spell level left.
You knew the following spells:

 Your Spells              Type           Power        Failure   Level  Hunger
a - Freeze                Ice            ###.         6%          1    #......
b - Throw Frost           Conj/Ice       ##....       13%         2    ###....
c - Ozocubu's Armour      Chrm/Ice       #.......     30%         3    ###....


Dungeon Overview and Level Annotations

Branches:
Dungeon (5/15)
 Temple: D:4-7

Altars:
Makhleb

Annotations:
D:3 Caerwyn's ghost, amateur DsIE


Innate Abilities, Weirdness & Mutations

You cannot wear armour.
You are incapable of wielding weapons or throwing items.
Your paws allow you to move quietly. (Stealth)
You have sharp claws.
You have razor-sharp teeth.
You have supernaturally acute eyesight. (SInv)
You are carnivorous and can eat meat at any time.
You cover ground quickly.
You are covered in fur. (AC +1)
You have a slow metabolism.
Your sharp claws are effective at attacking unaware monsters.


Message History

You kill the orc wizard!
You have reached level 5!
You feel clever.
An orc wizard comes into view. It is wielding a dagger.
The orc wizard casts a spell at you. The puff of frost misses you.
There is a stone staircase leading up here.
Items here: )) [[ † a dagger; a robe; a flail; a leather armour; an orc corpse The orc wizard casts a spell.
The orc wizard flickers and vanishes for a moment.
The orc wizard casts a spell at you. The puff of frost misses you.
You climb upwards.
The worm bites you!
You die...
You are now level 4!
You rejoin the land of the living...
Found a short sword.
Unknown command.
Are you sure you want to abandon this character and quit the game? (Confirm with "yes".)

.......# #.# .......#
##.# ..... .......#
#..#######.....
.......##..............
g..........#.........#
...####....#.........#
...###.h..##.........#
...##....##...>....(.#
...##...##......@....#
...##..##............#
...##.##.............#
.....##.............)#
..####.................
.....#....#+######......
#####..(#.#.# ......
..........#.# ......
............#


There were no monsters in sight!

Vanquished Creatures
  A hound (D:4)
  An orc wizard (D:5)
  A worker ant (D:4)
  2 gnolls (D:4)
  2 oozes (D:2)
  A leopard gecko (D:2)
  2 orcs
  4 giant cockroaches
  5 goblins
  5 hobgoblins
  2 jackals (D:2)
  10 bats
  A frilled lizard (D:2)
  3 kobolds
  6 rats
46 creatures vanquished.

Notes
Turn   | Place    | Note
-------+----------+-------------------------------------------
     0 | D:1      | Espgualade the Felid Ice Elementalist began the quest for the Orb.
     0 | D:1      | Reached XP level 1. HP: 7/7 MP: 4/4
    77 | D:1      | Reached skill level 1 in Fighting
   831 | D:1      | Reached XP level 2. HP: 13/13 MP: 4/6
   878 | D:1      | Reached skill level 2 in Fighting
  1049 | D:1      | Found a burning altar of Makhleb.
  1256 | D:1      | Learned a level 2 spell: Throw Frost
  1678 | D:2      | Reached XP level 3. HP: 13/16 MP: 5/7
  1760 | D:2      | Reached skill level 3 in Fighting
  2315 | D:3      | Noticed Caerwyn's ghost (amateur DsIE)
  2364 | D:3      | Learned a level 3 spell: Ozocubu's Armour
  3029 | D:4      | Reached skill level 4 in Fighting
  3029 | D:4      | Reached XP level 4. HP: 5/22 MP: 5/8
  3527 | D:5      | Entered Level 5 of the Dungeon
  3552 | D:5      | Reached XP level 5. HP: 5/25 MP: 0/9
  3555 | D:4      | Slain by a worm
  3556 | D:4      | Reached XP level 4. HP: -4/22 MP: 0/8
  3556 | D:4      | Quit the game

Vault maps used:
D:1:      ncdulo_smallfort, kennysheep_flooded_box, minivault_14,
          minmay_misc_feat_diagonals
D:2:      first_bread
D:3:      lemuel_coloured_pillars_altar, hangedman_abyss_or_decor_stabs
D:4:      kennysheep_kobold_camp, nrook_mini_backslash
D:5:      chei_slow_surprise, uniq_edmund

Skill      XL: |  1  2  3 |
---------------+----------+-----
Fighting       | 1 2 4 |  4.9
Dodging        | |  2.6
Stealth        | |  2.6
Spellcasting   | |  2.0
Conjurations   | |  0.8
Ice Magic      | |  2.6

Action                   |  1- 3 |  4- 6 || total
-------------------------+-------+-------++-------
Melee: Unarmed           |    85 |    15 ||   100
       Bite              |     7 |     2 ||     9
 Cast: Freeze            |    52 |    10 ||    62
       Throw Frost       |     1 |     9 ||    10
  Use: Scroll            |     5 |     1 ||     6
       Potion            |     3 |       ||     3
 Stab: Sleeping          |     8 |       ||     8
  Eat: Chunk             |     6 |     2 ||     8
Armor: Skin              |    14 |       ||    14
Dodge: Dodged            |   123 |    11 ||   134

Table legend:
 A = Spawn XP
 B = Non-spawn XP
 C = Spawn XP percentage of total XP
 D = Spawn monster count
 E = Non-spawn monster count
 F = Spawn count percentage of total count
 G = Total turns spent on level
                    A         B        C        D         E        F      G
               +---------+---------+-------+---------+---------+-------+---------
         Total |       0 |     226 |   0.0 |       0 |      46 |   0.0 |  3556
               +---------+---------+-------+---------+---------+-------+---------
           D:1 |       0 |      25 |   0.0 |       0 |      16 |   0.0 |  1259
           D:2 |       0 |      46 |   0.0 |       0 |      20 |   0.0 |  1098
           D:3 |       0 |       7 |   0.0 |       0 |       3 |   0.0 |    67
           D:4 |       0 |     105 |   0.0 |       0 |       5 |   0.0 |  1104
           D:5 |       0 |      43 |   0.0 |       0 |       2 |   0.0 |    28
               +---------+---------+-------+---------+---------+-------+---------
